 Dungeon Crawl Stone Soup version 0.28-a0-1435-g82390b3a13 (webtiles) character file.

Game seed: 15574983871468450460

126 MacCMillion the Stinger (level 4, -1/30 HPs)
             Began as a Demonspawn Venom Mage on Jan 9, 2022.
             Killed by nerve-wracking pain
             ... invoked by a shadow imp
              (14 damage)
             ... on level 5 of the Dungeon.
             The game lasted 00:11:46 (3802 turns).

MacCMillion the Stinger (Demonspawn Venom Mage)     Turns: 3802, Time: 00:11:47

Health: -1/30      AC:  3    Str:  9    XL:     4   Next: 84%
Magic:  7/8        EV: 12    Int: 18    God:
Gold:   70         SH:  0    Dex: 13    Spells: 2/8 levels left

rFire   . . .      SeeInvis .   i - +1 short sword (drain)
rCold   . . .      Faith    .   (no shield)
rNeg    . . .      Spirit   .   a - +0 robe
rPois   .          Reflect  .   (no helmet)
rElec   .          Harm     .   (no cloak)
rCorr   .          Rampage  .   n - +0 pair of gloves {infuse}
Will    .....                   (no boots)
Stlth   ++........              (no amulet)
HPRegen 0.10/turn               (no ring)
MPRegen 0.11/turn               (no ring)

@: no status effects
A: hooves 1, demonic magic 1
a: no special abilities


You were on level 5 of the Dungeon.
You visited 1 branch of the dungeon, and saw 5 of its levels.

You collected 141 gold pieces.
You spent 71 gold pieces at shops.

Inventory:

Hand Weapons
 b - a +0 dagger
 i - a +1 short sword of draining (weapon)
Missiles
 f - 13 poisoned darts
 g - 7 boomerangs
Armour
 a - a +0 robe (worn)
 n - a +0 pair of gloves of infusion (worn)
Jewellery
 s - a ring of protection from cold
Wands
 o - a wand of polymorph (4)
Scrolls
 c - a scroll of blinking {unknown}
 d - a scroll of fog {unknown}
 h - a scroll of noise {unknown}
 k - 2 scrolls of fear
 l - a scroll of identify {unknown}
 m - a scroll of magic mapping {unknown}
 p - a scroll of immolation {unknown}
 r - a scroll of enchant weapon {unknown}
Potions
 e - 2 potions of lignification {unknown}
 j - a potion of heal wounds {unknown}
 q - 4 potions of curing


   Skills:
 - Level 2.0 Dodging
 - Level 2.0 Stealth
 + Level 2.9 Spellcasting
 - Level 1.0 Transmutations
 + Level 1.2 Air Magic
 * Level 4.5 Poison Magic


You had 2 spell levels left.
You knew the following spells:

 Your Spells              Type           Power      Damage    Failure   Level
a - Sting                 Tmut/Pois      48%        1d5       5%          1
b - Poisonous Vapours     Pois/Air       26%        N/A       8%          2
c - Mephitic Cloud        Conj/Pois/Air  9%         N/A       22%         3

Your spell library contained the following spells:

 Spells                   Type           Power      Damage    Failure   Level
 Beastly Appendage        Tmut           12%        N/A       11%         1
 Wereblood                Tmut           6%         N/A       17%         2
 Spider Form              Tmut/Pois      12%        N/A       16%         3
 Ignite Poison            Fire/Tmut/Pois 9%         N/A       24%         3
 Olgreb's Toxic Radiance  Pois           18%        N/A       26%         4
 Conjure Flame            Conj/Fire      2%         6-21      45%         3
 Gell's Gravitas          Tloc           2%         N/A       45%         3
 Teleport Other           Tloc           2%         N/A       45%         3
 Sticky Flame             Conj/Fire      2%         2d3       86%         4
 Dispersal                Tloc           1%         N/A       100%        6


Dungeon Overview and Level Annotations

Branches:
Dungeon (4/15)
 Temple: D:4-7

Altars:
Qazlal

Shops:
D:3 *


Innate Abilities, Weirdness & Mutations

You have large cloven feet.
Spells you cast may paralyse adjacent enemies.


Message History

The giant cockroach bites you but does no damage.
You barely miss the giant cockroach. The giant cockroach misses you.
The sting hits the giant cockroach.
The giant cockroach is poisoned.
The giant cockroach is moderately wounded.
Malevolent energies surge around you.
The giant cockroach suddenly stops moving!
You kill the giant cockroach!
You now have 70 gold pieces (gained 16).
You start resting.
Magic restored.
A sourceless malevolence fills the Dungeon...
You fall into a shaft and drop 1 floor!
The shaft crumbles and collapses.
Found a potion of curing.
Found two stone staircases leading down.
Found a There-And-Back Book.
q - 3 potions of curing (gained 1)
You pick up a There-And-Back Book and begin reading...
You add the spells Gell's Gravitas, Teleport Other and Dispersal to your library.
Found 23 arrows and 11 gold pieces.
Found a potion of curing.
q - 4 potions of curing (gained 1)
Found a stormy altar of Qazlal.
Found 12 gold pieces.
A wyvern skeleton comes into view.
Found a scroll labelled HUMMUC DIUBOES.
Found a scroll labelled WETUODGHEXUA.
A shadow imp comes into view.
The wyvern skeleton completely misses you.
You barely miss the wyvern skeleton.
The shadow imp shouts, "Turn tail, thou pottle-deep rump-fed nert!"
The wyvern skeleton bites you. The wyvern skeleton closely misses you.
You hit the wyvern skeleton. You kick the wyvern skeleton.
The wyvern skeleton is lightly damaged.
The wyvern skeleton bites you! The wyvern skeleton barely misses you.
The wyvern skeleton bites you.
You see here 12 gold pieces.
The shadow imp gestures at you. Pain shoots through your body!
You die...

#...# .... #...# #.. ##
##...########.# ...
...........##.#######..
...........#..5.......
....................#
##...#######..§§....#
#...# #...§.§≈.## #...#
#...Z@§...# #...#
#...§§....... #...
#..?§§.....## ....
#........#...
##..###### .# .... #
##... #...


You could see a shadow imp and a wyvern skeleton.

Vanquished Creatures
  A hound (D:3)
  2 adders (D:2)
  3 worms (D:2)
  3 dart slugs
  An orc (D:3)
  4 endoplasms
  4 giant cockroaches
  6 goblins
  6 hobgoblins
  6 kobolds
  6 quokkas
  7 ball pythons
  4 bats
  4 frilled lizards
  4 rats
61 creatures vanquished.

Vanquished Creatures (others)
  A fungus (D:2)
1 creature vanquished.

Grand Total: 62 creatures vanquished

Notes
Turn   | Place    | Note
-------+----------+-------------------------------------------
     0 | D:1      | MacCMillion the Demonspawn Venom Mage began the quest for
                  | the Orb.
     0 | D:1      | Reached XP level 1. HP: 13/13 MP: 3/3
   118 | D:1      | Reached skill level 1 in Transmutations
   217 | D:1      | Gained mutation: Spells you cast may paralyse adjacent
                  | enemies. [demonic ancestry]
   217 | D:1      | Reached XP level 2. HP: 19/19 MP: 0/5
  1024 | D:1      | Reached XP level 3. HP: 24/24 MP: 4/6
  1067 | D:1      | Learned a level 2 spell: Poisonous Vapours
  1071 | D:1      | Learned a level 3 spell: Mephitic Cloud
  1981 | D:2      | Reached skill level 4 in Poison Magic
  2019 | D:2      | Gained mutation: You have large cloven feet. [demonic
                  | ancestry]
  2019 | D:2      | Reached XP level 4. HP: 30/30 MP: 0/7
  2093 | D:2      | Found a faded altar of an unknown god.
  3027 | D:3      | Found Says Ena's General Store.
  3041 | D:3      | Bought a potion of curing for 33 gold pieces
  3041 | D:3      | Bought a scroll of fear for 38 gold pieces
  3157 | D:3      | Reached skill level 1 in Air Magic
  3751 | D:4      | You fall into a shaft and drop 1 floor!
  3751 | D:5      | Entered Level 5 of the Dungeon
  3793 | D:5      | Found a stormy altar of Qazlal.
  3802 | D:5      | Killed from afar by a shadow imp

Illustrated notes

Levels and vault maps discovered:
D:1:      eino_arrival_water_cross, layout_basic, serial_forest,
          infiniplex_forest_lined_3_way, infiniplex_forest_zigzag_2,
          infiniplex_forest_end_3, infiniplex_forest_zigzag_2,
          infiniplex_forest_straight_2, infiniplex_forest_lined_2
D:2:      layout_basic, dreamdust_ecumenical_altar_grove
D:3:      layout_loops_ring, serial_shops, shop
D:4:      layout_basic, enter_ossuary_4, nicolae_concentric_dashed_squares_wild
D:5:      layout_loops_cross, nicolae_qazlal_scattered_showers

Skill      XL: |  1  2  3  4 |
---------------+-------------+-----
Transmutations | 1 |  1.0
Stealth        | 2 |  2.0
Dodging        | 2 |  2.0
Poison Magic   | 4 |  4.5
Air Magic      | 1 |  1.2
Spellcasting   | |  2.9

Action                   |  1- 3 |  4- 6 || total
-------------------------+-------+-------++-------
Melee: Dagger            |    53 |       ||    53
       Club              |     2 |       ||     2
       Punch             |     1 |       ||     1
       Short sword       |       |    20 ||    20
       Kick              |       |     3 ||     3
 Cast: Sting             |    57 |    28 ||    85
       Poisonous Vapours |     2 |     1 ||     3
 Stab: Paralysed         |     3 |       ||     3
       Sleeping          |     2 |     6 ||     8
Armor: Robe              |     7 |     5 ||    12
Dodge: Dodged            |    30 |    13 ||    43

Table legend: (Time is in decaauts)
 A = Elapsed time spent in this place.
 B = Non-inter-level travel time spent in this place.
 C = Inter-level travel time spent in this place.
 D = Time resting spent in this place.
 E = Time spent auto-exploring this place.
 F = Levels seen in this place.
 G = Mean time per level.
                   A        B        C        D        E       F      G
               +--------+--------+--------+--------+--------+-----+--------+
         Total |   3803 |   3649 |    154 |    160 |   2797 |   5 |  760.6 |
       Dungeon |   3803 |   3649 |    154 |    160 |   2797 |   5 |  760.6 |
               +--------+--------+--------+--------+--------+-----+--------+

Top non-repeatable levels by time:
     D:1: 1522 daAuts
     D:2: 1207 daAuts
     D:3: 997 daAuts
     D:5: 50 daAuts
     D:4: 24 daAuts
